 Dungeon Crawl Stone Soup version 0.21.1-1-g345015fe64 (webtiles) character file.

1134 Kholdaimon the Carver (level 8, -1/66 HPs)
             Began as a Minotaur Fighter on June 16, 2018.
             Killed from afar by an electric eel (11 damage)
             ... with a bolt of electricity
             ... on level 6 of the Dungeon.
             The game lasted 00:39:40 (5904 turns).

Kholdaimon the Carver (Minotaur Fighter)            Turns: 5904, Time: 00:39:40

Health: -1/66      AC:  7    Str: 29    XL:     8   Next: 14%
Magic:  0/7        EV:  9    Int:  5    God:
Gold:   232        SH: 12    Dex: 10    Spells: 7/7 levels left

rFire    + . .     SeeInvis .   a - +1 long sword
rCold    . . .     Gourm    .   c - +1 shield
rNeg     . . .     Faith    .   F - +2 ring mail {rF+}
rPois    .         Spirit   +   (helmet restricted)
rElec    .         Reflect  .   (no cloak)
rCorr    .         Harm     .   (no gloves)
MR       .....                  (no boots)
Stlth    ..........             j - amulet of guardian spirit
HPRegen  0.21/turn              o - +2 ring of strength
MPRegen  0.10/turn              H - +4 ring of strength

@: no status effects
A: retaliatory headbutt, horns 2
a: no special abilities


You were on level 6 of the Dungeon.
You were not hungry.

You visited 1 branch of the dungeon, and saw 6 of its levels.
You also visited: Sewer.

You collected 232 gold pieces.

Inventory:

Hand Weapons
 a - a +1 long sword (weapon)
 b - a +0 blowgun
 m - a +3 rapier
 G - a +2 whip of electrocution
Missiles
 h - 234 stones (quivered)
 k - 7 javelins of returning
 y - 40 poisoned needles
 A - 2 needles of sleeping
Armour
 c - a +1 shield (worn)
 p - a +0 chain mail
 t - a +0 troll leather armour {Purgy}
 D - a +3 leather armour
 F - a +2 ring mail of fire resistance (worn)
Jewellery
 j - an amulet of guardian spirit (around neck)
 o - a +2 ring of strength (left hand)
 E - an uncursed ring of ice
 H - a +4 ring of strength (right hand)
 J - an uncursed ring of resist corrosion {unknown}
Wands
 g - a wand of acid (3)
 r - a wand of iceblast (9)
 u - a wand of flame (57)
Scrolls
 i - a scroll of magic mapping {unknown}
 n - 4 scrolls of teleportation
 q - 2 scrolls of fear
 x - 2 scrolls of blinking
 z - a scroll of random uselessness {unknown}
 K - a scroll of remove curse
 L - a scroll of amnesia {unknown}
Potions
 d - 2 potions of might
 e - 6 potions of flight
 l - a potion of heal wounds
 s - a potion of lignification
 v - 2 potions of magic
 w - 2 potions of haste
 B - 2 potions of curing {unknown}
 C - 2 potions of brilliance {unknown}
 I - a potion of degeneration {unknown}
Comestibles
 f - 9 rations


   Skills:
 - Level 4.0 Fighting
 * Level 9.6 Long Blades
 - Level 3.9 Armour
 + Level 7.3 Shields


You had 7 spell levels left.
You didn't know any spells.

Dungeon Overview and Level Annotations

Branches:
Dungeon (6/15)
 Temple: D:4-7

Altars:
Cheibriados
Gozag
Qazlal
Wu Jian
Zin


Innate Abilities, Weirdness & Mutations

You reflexively headbutt those who attack you in melee.
You have a pair of horns on your head.


Message History

The bolt of electricity hits the electric eel.
The electric eel completely resists.
The electric eel shoots out a bolt of lightning at you!
The bolt of electricity misses you.
You barely miss the electric eel. Your headbutt misses the electric eel.
The electric eel shoots out a bolt of lightning at you!
The bolt of electricity hits you!
You slash the electric eel!
The electric eel is heavily wounded.
The electric eel shoots out a bolt of lightning at you!
The bolt of electricity hits you! x2
* * * LOW HITPOINT WARNING * * *
The bolt of electricity hits the electric eel.
The electric eel completely resists.
The electric eel shoots out a bolt of lightning at you!
The bolt of electricity hits you!
* * * LOW HITPOINT WARNING * * *
The electric eel shoots out a bolt of lightning at you!
The bolt of electricity hits you!
You die...

... .. ######..
#...... #.....#
#.....#######
+.....)...... #.....#
#.### ....#..@##≈≈.≈≈#
. #..#.;≈≈#≈≈≈.##
#<.≈≈≈≈#≈≈≈≈#≈#.
......)#≈≈≈≈≈≈≈≈≈≈w≈o#
......#.≈≈≈≈≈≈≈≈≈≈≈≈w.
......#≈≈≈≈≈≈≈≈≈;≈≈≈≈≈
..... ≈≈≈≈≈≈≈≈≈≈≈≈≈≈≈≈
......≈≈≈.(≈≈[..≈≈.≈≈≈
####...≈#...?♣<...!.≈≈


You could see 2 electric eels.

Vanquished Creatures
  Duvessa (D:4)
  The ghost of Tali the Covered, an amateur MiFi (D:3)
  Purgy (Sewer)
  3 ogres (D:4)
  Dowan (D:4)
  2 crimson imps (D:5)
  2 hounds
  An orc wizard (D:5)
  An orc priest (D:5)
  Ijyb (D:5)
  3 worker ants
  2 hound zombies (D:5)
  2 hound skeletons (D:4)
  10 adders
  A shadow imp (D:5)
  An ooze (D:3)
  3 worms (D:4)
  7 dart slugs
  3 leopard geckos (D:4)
  13 orcs
  6 giant cockroaches
  6 goblins
  8 hobgoblins
  3 jackals
  9 kobolds
  A quokka (D:2)
  A ball python (D:3)
  10 bats
  8 frilled lizards
  A leopard gecko skeleton (D:4)
  4 rats
116 creatures vanquished.

Notes
Turn   | Place    | Note
-------+----------+-------------------------------------------
     0 | D:1      | Kholdaimon the Minotaur Fighter began the quest for the Orb.
     0 | D:1      | Reached XP level 1. HP: 19/19 MP: 0/0
   125 | D:1      | Reached XP level 2. HP: 26/27 MP: 1/1
   770 | D:2      | Reached skill level 3 in Long Blades
   852 | D:2      | Reached XP level 3. HP: 33/33 MP: 2/2
  1166 | D:2      | Found a snail-covered altar of Cheibriados.
  1167 | D:2      | Found a glowing silver altar of Zin.
  1483 | D:3      | Found a glowing drain.
  1492 | Sewer    | Entered a sewer
  1499 | Sewer    | Reached skill level 4 in Long Blades
  1499 | Sewer    | Reached XP level 4. HP: 38/40 MP: 3/3
  1543 | Sewer    | Noticed Purgy
  1572 | Sewer    | Killed Purgy
  1572 | Sewer    | Reached skill level 5 in Long Blades
  1572 | Sewer    | Reached XP level 5. HP: 25/46 MP: 4/4
  1749 | Sewer    | Reached skill level 5 in Shields
  1973 | D:3      | Found a faded altar of an unknown god.
  2186 | D:3      | Noticed Tali's ghost (amateur MiFi)
  2215 | D:3      | Killed Tali's ghost
  2215 | D:3      | Reached skill level 6 in Long Blades
  2215 | D:3      | Reached XP level 6. HP: 22/52 MP: 1/5
  2903 | D:3      | Found a stormy altar of Qazlal.
  2903 | D:3      | Found an ornate altar of the Wu Jian Council.
  3253 | D:4      | Reached skill level 7 in Long Blades
  3257 | D:4      | Reached XP level 7. HP: 25/59 MP: 2/6
  3940 | D:4      | Reached skill level 8 in Long Blades
  4065 | D:4      | Noticed Duvessa
  4065 | D:4      | Noticed Dowan
  4070 | D:4      | Killed Dowan
  4089 | D:4      | Killed Duvessa
  4560 | D:5      | Entered Level 5 of the Dungeon
  4732 | D:5      | Reached skill level 9 in Long Blades
  4899 | D:5      | Noticed Ijyb
  4921 | D:5      | Killed Ijyb
  5195 | D:5      | Found an opulent altar of Gozag.
  5200 | D:5      | Reached XP level 8. HP: 66/66 MP: 7/7
  5904 | D:6      | Killed from afar by an electric eel

Skill      XL: |  1  2  3  4  5  6  7 |
---------------+----------------------+-----
Fighting       | 4 |  4.0
Shields        | 4 5 6 7 |  7.3
Long Blades    | 3 4 5 6 7 9 |  9.6
Armour         | |  3.9

Action                   |  1- 3 |  4- 6 |  7- 9 || total
-------------------------+-------+-------+-------++-------
Melee: Long sword        |    95 |   166 |   154 ||   415
       Headbutt          |    12 |    34 |    32 ||    78
       Rapier            |       |     5 |       ||     5
  Use: Scroll            |     5 |     4 |     6 ||    15
       Potion            |       |     2 |     1 ||     3
  Eat: Chunk             |     2 |     6 |     2 ||    10
       Ration            |       |       |     2 ||     2
Armor: Scale mail        |    18 |       |       ||    18
       Chain mail        |    32 |    89 |    19 ||   140
       Ring mail         |       |       |    17 ||    17
Dodge: Dodged            |    19 |    49 |    34 ||   102
Block: Shield            |    46 |   121 |    54 ||   221
       Rpst.: Long sword |     6 |    11 |     7 ||    24
